 Dungeon Crawl Stone Soup version 0.27-a0-951-gae3e1deef5 (webtiles) character file.

Game seed: 16872649763798126323

30 Alarkh the Insei (level 3, 0/26 HPs)
             Began as a Demonspawn Transmuter on Apr 11, 2021.
             Slain by a jackal (1 damage)
             ... on level 1 of the Dungeon.
             The game lasted 00:01:05 (611 turns).

Alarkh the Insei (Demonspawn Transmuter)             Turns: 611, Time: 00:01:05

Health: 0/26       AC:  2    Str: 10    XL:     3   Next: 5%
Magic:  5/6        EV: 11    Int: 15    God:
Gold:   24         SH:  3    Dex: 13    Spells: 5/6 levels left

rFire    . . .     SeeInvis .     - Unarmed
rCold    . . .     Faith    .   c - +0 buckler
rNeg     . . .     Spirit   .   a - +0 robe
rPois    .         Reflect  .   (helmet currently unavailable)
rElec    .         Harm     .   (no cloak)
rCorr    .         Rampage  .   (no gloves)
Will     .....                  (boots currently unavailable)
Stlth    +.........             (no amulet)
HPRegen  0.08/turn              (no ring)
MPRegen  0.10/turn              (no ring)

@: appendages (expiring)
A: talons 2, horns 1, powered by death 1
a: End Transformation


You were on level 1 of the Dungeon.
You had temporarily grown beastly talons.
You visited 1 branch of the dungeon, and saw 1 of its levels.

You collected 24 gold pieces.

Inventory:

Armour
 a - a +0 robe (worn)
 c - a +0 buckler (worn)
Scrolls
 b - a scroll of magic mapping {unknown}
 d - a scroll of identify {unknown}
Potions
 e - a potion of resistance {unknown}


   Skills:
 + Level 1.5 Fighting
 - Level 1.7 Dodging
 + Level 0.6 Shields
 * Level 3.1 Unarmed Combat
 + Level 2.2 Spellcasting
 + Level 2.0 Transmutations


You had 5 spell levels left.
You knew the following spells:

 Your Spells              Type           Power      Damage    Failure   Level
a - Beastly Appendage     Tmut           14%        N/A       14%         1

Your spell library contained the following spells:

 Spells                   Type           Power      Damage    Failure   Level
 Wereblood                Tmut           7%         N/A       22%         2
 Spider Form              Tmut/Pois      2%         N/A       54%         3
 Ice Form                 Ice/Tmut       4%         N/A       91%         4
 Hydra Form               Tmut           3%         N/A       98%         5


Dungeon Overview and Level Annotations

Branches:
Dungeon (1/15)

Altars:


Innate Abilities, Weirdness & Mutations

You have temporarily grown beastly talons.
You have a pair of small horns on your head.
You regenerate a little health from kills.


Message History

Your transformation is almost over.
The jackal barely misses you.
The jackal bites you but does no damage.
Found a scroll labelled VOLORA KYEL.
Found 6 gold pieces.
You block the jackal's attack. The jackal bites you.
* * * LOW HITPOINT WARNING * * *
Your horns shrink.
Your talons disappear.
The jackal bites you.
* * * LOW HITPOINT WARNING * * *
Casting: Beastly Appendage (safe; 14% risk of failure)
Confirm with . or Enter, or press ? or * to list all spells.
Your feet morph into talons.
Unknown command.
You hit the jackal. Your headbutt misses the jackal.
The jackal is severely wounded.
Your transformation is almost over.
You block the jackal's attack.
You hit the jackal but do no damage. You claw the jackal.
The jackal is severely wounded.
The jackal closely misses you.
The jackal bites you but does no damage.
You closely miss the jackal.
The jackal is severely wounded.
The jackal bites you but does no damage.
The jackal closely misses you. You block the jackal's attack.
The jackal barely misses you. The jackal bites you.
* * * LOW HITPOINT WARNING * * *
You barely miss the jackal. Your kick misses the jackal.
The jackal is severely wounded.
The jackal bites you but does no damage.
You block the jackal's attack. The jackal barely misses you.
The jackal bites you.
* * * LOW HITPOINT WARNING * * *
You hit the jackal.
You kill the jackal!
The jackal bites you but does no damage.
The jackal closely misses you. The jackal bites you.
You die...

####g..†...........# #.......
###...............## #.....##
....B.............# ..#.. #..
..................##..#..#######.
....g#.#.......?.. ..............
.....#+#.......... ..............
....JB...........##..............
.................h...............
.......h........@BJ....# ..##....
........##+######h.....#.. #....
..............###g....... +.....
..........g.JB......#+#.. ##...#
............?.........# .....#
........##.......$....... ....g#
...........##########....
............ .... .............
...


You could see an endoplasm, 2 jackals, a giant cockroach and a hobgoblin.

Vanquished Creatures
  4 dart slugs (D:1)
  2 ball pythons (D:1)
  A bat (D:1)
  2 endoplasms (D:1)
  A giant cockroach (D:1)
  4 hobgoblins (D:1)
  A jackal (D:1)
  A quokka (D:1)
  4 kobolds (D:1)
  A rat (D:1)
21 creatures vanquished.

Notes
Turn   | Place    | Note
-------+----------+-------------------------------------------
     0 | D:1      | Alarkh the Demonspawn Transmuter began the quest for the
                  | Orb.
     0 | D:1      | Reached XP level 1. HP: 15/15 MP: 3/3
   409 | D:1      | Gained mutation: You regenerate a little health from kills.
                  | [demonic ancestry]
   409 | D:1      | Reached XP level 2. HP: 17/21 MP: 3/5
   493 | D:1      | Reached skill level 3 in Unarmed Combat
   572 | D:1      | Mutation became permanent: You have a pair of small horns
                  | on your head. [demonic ancestry]
   572 | D:1      | Gained mutation: You have a pair of horns on your head.
                  | [demonic ancestry]
   572 | D:1      | Reached XP level 3. HP: 26/26 MP: 4/6
   610 | D:1      | HP: 1/26 [jackal (2)]
   611 | D:1      | Slain by a jackal

Illustrated notes

Levels and vault maps discovered:
D:1:      matt_arrival_debris, layout_basic

Skill      XL: |  1  2 |
---------------+-------+-----
Unarmed Combat | 3 |  3.1
Transmutations | 2 |  2.0
Fighting       | |  1.5
Dodging        | |  1.7
Shields        | |  0.6
Spellcasting   | |  2.2

Action                   || total
-------------------------++-------
Melee: Unarmed           ||    59
       Kick              ||    17
       Headbutt          ||     5
 Cast: Beastly Appendage ||    14
Armor: Robe              ||    12
Dodge: Dodged            ||    40
Block: Buckler           ||    10

Table legend: (Time is in decaauts)
 A = Elapsed time spent in this place.
 B = Non-inter-level travel time spent in this place.
 C = Inter-level travel time spent in this place.
 D = Time resting spent in this place.
 E = Time spent auto-exploring this place.
 F = Levels seen in this place.
 G = Mean time per level.
                   A        B        C        D        E       F      G
               +--------+--------+--------+--------+--------+-----+--------+
         Total |    612 |    602 |     10 |      0 |    437 |   1 |  612.0 |
       Dungeon |    612 |    602 |     10 |      0 |    437 |   1 |  612.0 |
               +--------+--------+--------+--------+--------+-----+--------+

Top non-repeatable levels by time:
     D:1: 612 daAuts
